 Dungeon Crawl Stone Soup version 0.29-a0-817-g9904bce7a6 (webtiles) character file.

Game seed: 2349394623930798796

2951 gobodom the Cleaver (level 9, -9/73 HPs)
             Began as a Palentonga Fighter on July 5, 2022.
             Was a High Priest of Ignis.
             Mangled by a white ugly thing (35 damage)
             ... on level 7 of the Dungeon.
             The game lasted 00:34:03 (8209 turns).

gobodom the Cleaver (Palentonga Fighter)            Turns: 8209, Time: 00:34:04

Health: -9/73      AC: 20    Str: 24    XL:     9   Next: 51%
Magic:  9/9        EV:  8    Int:  7    God:    Ignis [*****.]
Gold:   692        SH: 10    Dex: 12    Spells: 8/8 levels left

rFire   + . .      SeeInvis +   a - +0 war axe (elec)
rCold   . . .      Faith    .   c - +0 buckler
rNeg    . . .      Spirit   .   l - +3 leather armour "Uminneubb" {Str+3}
rPois   .          Reflect  +   (no helmet)
rElec   .          Harm     .   (no cloak)
rCorr   .          Rampage  .   G - +0 pair of gloves
Will    +....                   E - +0 barding
Stlth   ++........              t - amulet of reflection
HPRegen 0.22/turn               y - ring of willpower
MPRegen 0.11/turn               (no ring)

@: studying Stealth, curled up
A: large, rugged brown scales 3, see invisible, deformed body, roll 1, armoured
tail, reflexive curl, dopey 1, passive freeze
a: Rolling Charge, Renounce Religion, Fiery Armour, Foxfire Swarm, Rising Flame


You were on level 7 of the Dungeon.
You worshipped Ignis.
Ignis was extremely pleased with you.
You visited 2 branches of the dungeon, and saw 8 of its levels.
You also visited: Ossuary.

You collected 692 gold pieces.

Inventory:

Hand Weapons
 a - a +0 war axe of electrocution (weapon)
 D - a +2 mace of holy wrath
Missiles
 m - 10 poisoned darts
Armour
 c - a +0 buckler (worn)
 l - the +3 leather armour "Uminneubb" (worn) {Str+3}
   (You found it on level 2 of the Dungeon)

   Str:       It affects your strength (+3).
 p - a +0 troll leather armour {Pargi}
 E - a +0 barding (worn)
 G - a +0 pair of gloves (worn)
Jewellery
 t - an amulet of reflection (around neck)
 y - a ring of willpower (left hand)
Wands
 r - a wand of flame (14)
Scrolls
 f - a scroll of summoning
 g - 2 scrolls of teleportation
 i - 3 scrolls of immolation
 j - 6 scrolls of poison
 o - 3 scrolls of amnesia
 s - a scroll of fog {unknown}
 u - a scroll of enchant weapon {unknown}
 w - 2 scrolls of fear
 B - a scroll of vulnerability
 F - a scroll of noise
 I - a scroll of silence
Potions
 b - 3 potions of lignification
 d - 2 potions of might
 e - a potion of mutation
 h - 3 potions of ambrosia
 k - 7 potions of curing
 n - 2 potions of flight
 q - 2 potions of haste
 v - a potion of heal wounds
 x - a potion of resistance
 z - 4 potions of brilliance
 A - 3 potions of magic
 C - a potion of cancellation


   Skills:
 + Level 6.0 Fighting
 + Level 9.5 Axes
 + Level 0.4 Throwing
 + Level 3.9 Armour
 + Level 2.8 Dodging
 + Level 1.7 Stealth
 + Level 4.4 Shields
 * Level 2.5 Evocations


You had 8 spell levels left.
You didn't know any spells.
Your spell library contained the following spells:

 Spells                   Type           Power      Damage    Failure   Level
 Foxfire                  Conj/Fire      0%         2x1d4     54%         1
 Scorch                   Fire           0%         2d5       69%         2
 Conjure Flame            Conj/Fire      0%         6-21      89%         3
 Inner Flame              Hex/Fire       0%         N/A       89%         3
 Flame Wave               Conj/Fire      0%         2d4       100%        4
 Summon Cactus Giant      Summ           0%         N/A       100%        6


Dungeon Overview and Level Annotations

Branches:
Dungeon (7/15)             Temple (1/1) D:6         Ossuary (visited)

Altars:
Ashenzari
Cheibriados
Dithmenos
Elyvilon
Hepliaklqana
Kikubaaqudgha
Makhleb
Nemelex Xobeh
Okawaru
Qazlal
Ru
Sif Muna
Trog
Uskayaw
Vehumet
Wu Jian
Xom
Yredelemnul
Zin
The Shining One
Ignis

Shops:
D:4 *


Innate Abilities, Weirdness & Mutations

You are completely covered in rugged brown scales. (AC +3, +7% HP)
You have supernaturally acute eyesight. (SInv)
Armour fits poorly on your strangely shaped body.
You can roll at nearby foes to attack.
You have a long armoured tail.
You curl defensively after being hit. (AC +7*)
You are dopey. (Int -2)
A frigid envelope surrounds you and freezes all who hurt you.


Message History

You hit the white ugly thing.
Lightning courses through the white ugly thing!
The white ugly thing is heavily wounded.
The white ugly thing barely misses you.
You hit the white ugly thing.
You tail-slap the white ugly thing, but do no damage.
The white ugly thing is heavily wounded.
The white ugly thing barely misses you.
You hit the white ugly thing but do no damage.
The white ugly thing is heavily wounded.
You block the white ugly thing's attack.
You barely miss the white ugly thing.
The white ugly thing is heavily wounded.
The white ugly thing tail-slaps you. The white ugly thing freezes you!!
The white ugly thing completely resists.
You closely miss the white ugly thing.
The white ugly thing is heavily wounded.
You block the white ugly thing's attack.
You closely miss the white ugly thing.
The white ugly thing is heavily wounded.
The white ugly thing tail-slaps you! The white ugly thing freezes you!
* * * LOW HITPOINT WARNING * * *
The white ugly thing resists.
The white ugly thing is very cold.
The white ugly thing is heavily wounded.
You feel much better.
The white ugly thing completely misses you.
You barely miss the white ugly thing.
Your tail-slap misses the white ugly thing.
The white ugly thing is heavily wounded.
The white ugly thing tail-slaps you but does no damage.
The white ugly thing resists.
The white ugly thing is very cold.
The white ugly thing is severely wounded.
You closely miss the white ugly thing. You tail-slap the white ugly thing.
The white ugly thing is severely wounded.
The white ugly thing closely misses you.
You slash the white ugly thing!
Your tail-slap misses the white ugly thing.
The white ugly thing is almost dead.
The white ugly thing tail-slaps you! The white ugly thing freezes you!!
You die...

##.......#######.#.# #
#................#.#
###..........##.##..#.#
............#.#...#...#
.........<..##..##.#..#
.#.........#..###.##..#
...#......#.###..#....#
)#.##....#.##..##..#.##
...####.....(((u@....##
...# ##...........#..##
...## ##..............#
....# ##.............#
...รท## ##.....########
..#..### ##..###
.......####(###
.........#.##
..........##


You could see a white ugly thing (poisoned).

Vanquished Creatures
  The ghost of pigah the Gusty, a novice OpAE of Gozag (D:7)
  A troll (D:7)
  A wyvern (D:7)
  A steam dragon (D:7)
  A black bear (D:6)
  A sky beast (D:7)
  Pargi (D:4)
  4 ogres
  A centaur (D:5)
  A phantom (D:4)
  3 scorpions
  A necrophage (D:5)
  2 bullfrogs (D:7)
  A howler monkey (D:6)
  A jelly (D:7)
  3 hounds
  An orc priest (D:5)
  3 gnoll boudas
  Natasha (thrice) (D:2)
  3 iguanas
  6 orc wizards
  6 mummies (Ossuary)
  13 gnolls
  5 adders
  A shadow imp (D:5)
  3 white imps
  An ufetubus (D:4)
  2 worms
  3 dart slugs
  22 orcs
  9 endoplasms
  3 giant cockroaches
  A gnoll zombie (Ossuary)
  7 goblins
  8 hobgoblins
  7 jackals
  9 kobolds
  2 quokkas
  3 ball pythons
  8 bats
  7 frilled lizards
  4 hobgoblin zombies (Ossuary)
  A kobold zombie (Ossuary)
  An orc zombie (Ossuary)
  4 rats
  A spectral hobgoblin (D:1)
171 creatures vanquished.

Vanquished Creatures (collateral kills)
  2 mummies (Ossuary)
  An orc zombie (Ossuary)
3 creatures vanquished.

Grand Total: 174 creatures vanquished

Notes
Turn   | Place    | Note
-------+----------+-------------------------------------------
     0 | D:1      | gobodom the Palentonga Fighter began the quest for the Orb.
     0 | D:1      | Reached XP level 1. HP: 19/19 MP: 1/1
   149 | D:1      | Found a faded altar of an unknown god.
   154 | D:1      | Prayed at the altar of an unknown god.
   154 | D:1      | Became a worshipper of Ignis, the Dying Flame
   494 | D:1      | Reached XP level 2. HP: 23/25 MP: 2/2
  1193 | D:2      | Reached XP level 3. HP: 25/31 MP: 3/3
  1415 | D:2      | Identified the +3 leather armour "Uminneubb" {Str+3}
  1479 | D:2      | Noticed Natasha
  1488 | D:2      | Killed Natasha
  1489 | D:2      | Reached skill level 3 in Axes
  1816 | D:2      | Reached XP level 4. HP: 35/37 MP: 4/4
  1835 | D:2      | Noticed Natasha
  1846 | D:2      | Gained mutation: You are dopey. (Int -2) [potion of
                  | mutation]
  1846 | D:2      | Gained mutation: A frigid envelope surrounds you and
                  | freezes all who hurt you. [potion of mutation]
  1847 | D:2      | Killed Natasha
  1926 | D:2      | Noticed Natasha
  2147 | D:2      | Killed Natasha
  2620 | D:3      | Reached XP level 5. HP: 35/44 MP: 5/5
  2622 | D:3      | Reached skill level 4 in Axes
  3468 | D:4      | Reached XP level 6. HP: 51/51 MP: 6/6
  3476 | D:4      | Reached skill level 1 in Dodging
  3537 | D:4      | Reached skill level 5 in Axes
  3805 | D:4      | Found a sand-covered staircase.
  3814 | Ossuary  | Entered an ossuary
  3845 | Ossuary  | Gained mutation: You curl defensively after being hit. (AC
                  | +7*) [Palentonga growth]
  3845 | Ossuary  | Reached XP level 7. HP: 21/58 MP: 7/7
  4353 | D:4      | Found Rouheek's Lightly-Used Armoury.
  4407 | D:4      | Reached skill level 1 in Stealth
  4572 | D:4      | Noticed Pargi
  4575 | D:4      | Killed Pargi
  4576 | D:4      | Reached skill level 6 in Axes
  4742 | D:5      | Entered Level 5 of the Dungeon
  5065 | D:5      | Reached skill level 7 in Axes
  5065 | D:5      | Reached XP level 8. HP: 65/65 MP: 8/8
  5332 | D:5      | Reached skill level 5 in Fighting
  6200 | D:6      | Reached skill level 8 in Axes
  6541 | D:6      | Found a staircase to the Ecumenical Temple.
  6600 | Temple   | Entered the Ecumenical Temple
  7264 | D:6      | Found a shadowy altar of Dithmenos.
  7467 | D:7      | Paralysed by a gnoll for 5 turns
  7476 | D:7      | Reached skill level 1 in Evocations
  7479 | D:7      | Noticed a troll
  7490 | D:7      | Killed a troll
  7491 | D:7      | Reached XP level 9. HP: 34/73 MP: 9/9
  7589 | D:7      | Reached skill level 9 in Axes
  7715 | D:7      | Noticed a white ugly thing
  7992 | D:7      | Found a large runed translucent door.
  7992 | D:7      | Found a large runed translucent door.
  7994 | D:7      | Noticed pigah's ghost (novice OpAE)
  8009 | D:7      | Killed pigah's ghost
  8209 | D:7      | Mangled by a white ugly thing

Illustrated notes

Levels and vault maps discovered:
D:1:      matt_arrival_spirals, layout_loops_corners,
          dreamdust_ecumenical_altar_drowned_temple, minmay_fountain_box,
          kennysheep_decorative_pillar, minmay_lizard_pond
D:2:      layout_loops_cross, serial_rivers, chequers_serial_rivers_micro_c,
          chequers_serial_rivers_micro_d, chequers_serial_rivers_small_b,
          chequers_serial_rivers_micro_a, chequers_serial_rivers_small_a,
          kennysheep_crisscross, uniq_natasha
D:3:      layout_basic
D:4:      nicolae_cairo_tiling_large, layout_loops_cross,
          lightli_ossuary_entry_decrepit_ruins, minmay_shop_damaged,
          grunt_decor_junction, kennysheep_potato, uniq_pargi
D:5:      layout_basic
D:6:      layout_basic, grunt_dithmenos_smoke, minmay_temple_entry_nine_rooms
D:7:      layout_layer_cave, serial_glass, glass_columns_a, glass_columns_c,
          ebering_ghost_disaster_area, minmay_manual_mess
Temple:   compressed_dpeg_triangle_lava_temple

Skill      XL: |  1  2  3  4  5  6  7  8  9 |
---------------+----------------------------+-----
Axes           | 3 4 5 7 8 9 |  9.5
Shields        | 3 4 |  4.4
Armour         | 3 |  3.9
Fighting       | 4 5 6 |  6.0
Dodging        | 1 2 |  2.8
Stealth        | 1 |  1.7
Evocations     | 1 2 |  2.5
Throwing       | |  0.4

Action                   |  1- 3 |  4- 6 |  7- 9 || total
-------------------------+-------+-------+-------++-------
Melee: War axe           |    94 |   100 |   167 ||   361
       Tailslap          |     8 |    15 |    19 ||    42
Throw: Dart              |       |       |     7 ||     7
 Abil: Rolling Charge    |    23 |    17 |    37 ||    77
Evoke: Wand              |       |       |     6 ||     6
  Use: Scroll            |       |    12 |    12 ||    24
       Potion            |       |     3 |     1 ||     4
 Stab: Distracted        |       |     1 |       ||     1
Armor: Scale mail        |    52 |       |       ||    52
       Leather armour    |     6 |    34 |    52 ||    92
Dodge: Dodged            |    30 |    42 |    55 ||   127
Block: Buckler           |    18 |    15 |    73 ||   106
       Reflection        |       |       |     2 ||     2

Table legend: (Time is in decaauts)
 A = Elapsed time spent in this place.
 B = Non-inter-level travel time spent in this place.
 C = Inter-level travel time spent in this place.
 D = Time resting spent in this place.
 E = Time spent auto-exploring this place.
 F = Levels seen in this place.
 G = Mean time per level.
                   A        B        C        D        E       F      G
               +--------+--------+--------+--------+--------+-----+--------+
         Total |   8329 |   8093 |    236 |    730 |   5861 |   9 |  925.4 |
       Dungeon |   7541 |   7318 |    223 |    502 |   5422 |   7 | 1077.3 |
        Temple |    383 |    370 |     13 |      0 |    356 |   1 |  383.0 |
       Ossuary |    403 |    403 |      0 |    228 |     83 |   1 |  403.0 |
               +--------+--------+--------+--------+--------+-----+--------+

Top non-repeatable levels by time:
     D:2: 1444 daAuts
     D:5: 1303 daAuts
     D:1: 1193 daAuts
     D:4: 979 daAuts
     D:6: 900 daAuts
     D:7: 897 daAuts
     D:3: 823 daAuts
 Ossuary: 403 daAuts
  Temple: 383 daAuts
